 Dungeon Crawl Stone Soup version 0.31.0-11-ge490571c62 (webtiles) character file.

Game seed: 4308634293130140865

100 qw the Shooter (level 4, -1/25 HPs)
             Began as a Deep Elf Hunter on Feb 3, 2024.
             Slain by a gnoll
             ... wielding a +0 flail
              (7 damage)
             ... on level 3 of the Dungeon.
             The game lasted 00:00:05 (1605 turns).

qw the Shooter (Deep Elf Hunter)                    Turns: 1605, Time: 00:00:06

Health: -1/25      AC:  6    Str: 10    XL:     4   Next: 46%
Magic:  6/6        EV: 11    Int: 14    God:
Gold:   84         SH:  0    Dex: 18    Spells: 3/3 levels left

rFire   . . .        a - +1 shortbow
rCold   + . .        (shield currently unavailable)
rNeg    . . .        b - +1 ring mail
rPois   .            (no helmet)
rElec   .            (no cloak)
rCorr   .            (no gloves)
SInv    .            (no boots)
Will    .....        (no amulet)
Stlth   +            g - ring of protection from cold
HPRegen 0.24/turn    (no ring)
MPRegen 0.10/turn

%: no passive effects
@: about to teleport
A: no striking features
a: no special abilities


You were on level 3 of the Dungeon.
You visited 1 branch of the dungeon, and saw 3 of its levels.

You collected 161 gold pieces.
You spent 77 gold pieces at shops.


   Skills:
 - Level 1.5 Fighting
 + Level 7.9 Ranged Weapons
 - Level 2.4 Dodging
 - Level 1.2 Stealth


You had 3 spell levels left.
You didn't know any spells.
Your spell library was empty.

Inventory:

Hand Weapons
 a - a +1 shortbow (weapon)
Armour
 b - a +1 ring mail (worn)
Jewellery
 g - a ring of protection from cold (left hand)
Scrolls
 e - a scroll of teleportation
 i - a scroll of noise {unknown}
Potions
 c - a potion of might {unknown}
 d - a potion of enlightenment {unknown}
 f - a potion of heal wounds {unknown}
 h - a potion of curing {unknown}

Dungeon Overview and Level Annotations

Branches:
Dungeon (3/15)

Altars:

Shops:
D:2 (*[:=


Message History

You open the door.
Found 8 stones.
There is an open door here.
You see here 8 stones.
Found a stone staircase leading down.
Found an escape hatch in the ceiling.
Found 4 stones.
You see here 4 stones.
There is a stone staircase leading down here.
A ball python comes into view.
The ball python hisses angrily.
You shoot an arrow. The arrow hits the ball python!
You kill the ball python!
There is an escape hatch in the ceiling here.
i - a scroll labelled FOXYBAM KUXKU 2 gnolls come into view.
The gnoll shouts! x2; You hear a shout!
You shoot an arrow. The arrow hits the gnoll.
The gnoll is moderately wounded.
You shoot an arrow. The arrow barely misses the gnoll.
You shoot an arrow.
The arrow hits the gnoll but does no damage.
The gnoll is moderately wounded.
The gnoll hits you with a +0 flail!
A gnoll comes into view. It is wielding a +0 whip.
You shoot an arrow. The gnoll shouts!
The arrow hits the gnoll!
You kill the gnoll!
You shoot an arrow.
The arrow hits the gnoll but does no damage.
The gnoll hits you with a +0 flail!
1604 ||| READING 2 scrolls of teleportation.
As you read the scroll of teleportation, it crumbles to dust.
You feel strangely unstable. The gnoll barely misses you.
You shoot an arrow. The arrow hits the gnoll.
The gnoll is lightly wounded.
The gnoll hits you with a +0 flail!
You die...

... ..# ..# #
..###.. .....
...# #####...#
#####...@g..#
.........#.g#
####..##.# ....
###..##.# ...#
........#######.#
#######.........#
#..########
##.......# #
##### #######.#
.#


You could see 2 gnolls.

Vanquished Creatures
  4 gnolls
  An adder (D:2)
  2 ribbon worms (D:2)
  5 endoplasms
  3 giant cockroaches (D:2)
  5 hobgoblins
  3 quokkas
  A ball python (D:3)
  2 bats
  4 frilled lizards
  8 goblins
  5 kobolds
  4 rats
47 creatures vanquished.

Notes
Turn   | Place    | Note
-------+----------+-------------------------------------------
     0 | D:1      | qw the Deep Elf Hunter began the quest for the Orb.
     0 | D:1      | Reached XP level 1. HP: 12/12 MP: 3/3
     0 | D:1      | 0 ||| qw: Version: 0.3-a-155-g5e7d8dd
     0 | D:1      | 0 ||| qw: Game counter: 3299
     0 | D:1      | 0 ||| qw: Melee chars always use a shield: true
     0 | D:1      | 0 ||| qw: God list: Okawaru
     0 | D:1      | 0 ||| qw: Allow faded altars: false
     0 | D:1      | 0 ||| qw: Do Orc after clearing Dungeon:15 true
     0 | D:1      | 0 ||| qw: Do second Lair branch before Depths: true
     0 | D:1      | 0 ||| qw: Lair rune preference: random
     0 | D:1      | 0 ||| qw: Goals: Normal
     0 | D:1      | 0 ||| PLANNING D:1-11
   134 | D:1      | Reached XP level 2. HP: 16/16 MP: 4/4
   140 | D:1      | Reached skill level 6 in Ranged Weapons
   718 | D:1      | 718 ||| READING scroll labelled QOL ULOIRCHAMUD.
   718 | D:1      | 718 ||| ENCHANTING +0 shortbow.
   719 | D:1      | 719 ||| DROPPING scroll of butterflies.
   743 | D:2      | Found Viaruv's Antique Weapon Shop.
   757 | D:2      | Reached XP level 3. HP: 20/20 MP: 5/5
   803 | D:2      | Found Ocawyora's General Store.
   806 | D:2      | 806 ||| BUYING +0 ring mail (44 gold).
   806 | D:2      | Bought a +0 ring mail for 44 gold pieces
   806 | D:2      | 806 ||| SHOPLISTING +5 ring of evasion (396 gold, have 34).
   806 | D:2      | 806 ||| SHOPLISTING 2 scrolls of identify (44 gold, have
                  | 34).
   806 | D:2      | 806 ||| BUYING scroll of teleportation (33 gold).
   806 | D:2      | Bought a scroll of teleportation for 33 gold pieces
   863 | D:2      | Found Vuwkur's Antique Armour Boutique.
   863 | D:2      | Found Leireocu's Book Shoppe.
   868 | D:2      | 868 ||| SHOPLISTING cloak (130 gold, have 1).
   868 | D:2      | 868 ||| SHOPLISTING embroidered cloak (217 gold, have 1).
   868 | D:2      | 868 ||| SHOPLISTING fine helmet (275 gold, have 1).
   868 | D:2      | 868 ||| SHOPLISTING glowing leather armour (145 gold, have
                  | 1).
   868 | D:2      | 868 ||| SHOPLISTING pair of boots (130 gold, have 1).
   868 | D:2      | 868 ||| SHOPLISTING slimy robe (165 gold, have 1).
   901 | D:2      | Reached skill level 7 in Ranged Weapons
   919 | D:2      | Reached XP level 4. HP: 25/25 MP: 6/6
   968 | D:2      | Found Ukomn's Jewellery Emporium.
   976 | D:2      | 976 ||| SHOPLISTING +5 ring of evasion (468 gold, have 18).
   976 | D:2      | 976 ||| SHOPLISTING amulet of regeneration (390 gold, have
                  | 18).
   976 | D:2      | 976 ||| SHOPLISTING amulet of the acrobat (390 gold, have
                  | 18).
   976 | D:2      | 976 ||| SHOPLISTING ring of poison resistance (260 gold,
                  | have 18).
   976 | D:2      | 976 ||| SHOPLISTING ring of protection from cold (325 gold,
                  | have 18).
  1232 | D:2      | 1232 ||| UPGRADING to +0 ring mail.
  1242 | D:2      | 1242 ||| DROPPING +0 leather armour.
  1243 | D:2      | 1243 ||| UPGRADING to ring of protection from cold.
  1244 | D:2      | 1244 ||| READING scroll labelled KIKOIBL CADGH.
  1244 | D:2      | 1244 ||| ENCHANTING +0 ring mail.
  1603 | D:3      | HP: 5/25 [gnoll/+0 flail (9)]
  1604 | D:3      | 1604 ||| READING 2 scrolls of teleportation.
  1605 | D:3      | Slain by a gnoll

Levels and vault maps discovered:
D:1:      dpeg_chamrin_arrival_tetris, layout_loops_ring, minmay_fountain_box,
          item_on_display_a
D:2:      layout_rooms, serial_shops, shop, shop, nicolae_shop_crystal, shop,
          nicolae_shop_hallway_stairs, kennysheep_generic_room_10
D:3:      layout_basic, hellmonk_ecumenical_altar_heavens_door, uniq_robin

Skill      XL: |  1  2  3 |
---------------+----------+-----
Ranged Weapons | 6 7 |  7.9
Fighting       | |  1.5
Dodging        | |  2.4
Stealth        | |  1.2

Action                     |  1- 3 |  4- 6 || total
---------------------------+-------+-------++-------
   Fire: Shortbow          |    91 |    24 ||   115
    Use: Scroll            |     1 |     2 ||     3
 Armour: Leather armour    |    10 |       ||    10
         Ring mail         |       |     5 ||     5
  Dodge: Dodged            |    17 |     1 ||    18

Table legend:
 A = Non-vault XP
 B = Vault XP
 C = Vault XP percentage of total XP
 D = Non-vault monster count
 E = Vault monster count
 F = Vault count percentage of total count
                 A         B        C        D         E       F
            +---------+---------+-------+---------+---------+-------
      Total |     141 |       2 |   1.4 |      46 |       1 |   2.1
            +---------+---------+-------+---------+---------+-------
        D:1 |      32 |       0 |   0.0 |      19 |       0 |   0.0
        D:2 |      87 |       2 |   2.2 |      20 |       1 |   4.8
        D:3 |      22 |       0 |   0.0 |       7 |       0 |   0.0
            +---------+---------+-------+---------+---------+-------
